 Dungeon Crawl Stone Soup version 0.26-a0-602-gd42a14c23b (webtiles) character file.

Game seed: 14196811185608892095

1479755 fritzmikael the Imperceptible (level 27, 172/172 HPs)
             Began as a Kobold Abyssal Knight on Aug 29, 2020.
             Was the Champion of Lugonu.
             Escaped with the Orb
             ... and 3 runes on Aug 30, 2020!
             The game lasted 05:11:05 (105932 turns).

fritzmikael the Imperceptible (KoAK)              Turns: 105932, Time: 05:11:07

Health: 172/172    AC: 45    Str: 26    XL:     27
Magic:  35/35      EV: 21    Int: 13    God:    Lugonu [******]
Gold:   4909       SH: 22    Dex: 15    Spells: 26/26 levels left

rFire    + . .     SeeInvis .   Y - +9 rapier (distort)
rCold    + . .     Faith    .   U - +5 kite shield {AC+3}
rNeg     . . .     Spirit   +   o - +10 gold dragon scales
rPois    +         Reflect  .   (helmet restricted)
rElec    +         Harm     .   e - +1 cloak {Stlth+}
rCorr    .                      t - +3 pair of gauntlets of War {Slay+5}
MR       ++...                  r - +1 pair of boots {Stlth+}
Stlth    ++........             w - amulet of guardian spirit
HPRegen  0.38/turn              J - ring of poison resistance
MPRegen  0.24/turn              b - ring of Buysiuq {rElec Str+6}

@: no status effects
A: small, horns 1, dopey 1, frail 1, nightstalker 3
0: Orb of Zot
}: 3/15 runes: barnacled, silver, gossamer
a: Depart the Abyss, Bend Space, Banish, Corrupt, Enter the Abyss, Renounce
Religion


You escaped.
You worshipped Lugonu.
Lugonu was exalted by your worship.
You visited 13 branches of the dungeon, and saw 53 of its levels.
You visited the Abyss 4 times.
You also visited: Ossuary and Desolation.

You collected 10699 gold pieces.
You spent 5790 gold pieces at shops.

Inventory:

Hand Weapons
 Y - a +9 rapier of distortion (weapon)
Missiles
 s - 6 curare-tipped darts (quivered)
 P - 4 boomerangs of dispersal
Armour
 e - a +1 cloak of stealth (worn)
 o - +10 gold dragon scales (worn)
 r - a +1 pair of boots of stealth (worn)
 t - the +3 pair of gauntlets of War (worn) {Slay+5}
   (You found it on level 4 of the Shoals)

   It affects your accuracy and damage with ranged weapons and melee attacks
   (+5).
 K - the +0 helmet of Activism {rF+ Dex+3}
   (You found it on level 4 of the Vaults)

   It affects your dexterity (+3).
   It protects you from fire.
 T - the +3 helmet "Edogo" {Str+2}
   (You found it on level 2 of the Vaults)

   It affects your strength (+2).
 U - a +5 kite shield of protection (worn)
Jewellery
 b - the ring of Buysiuq (right hand) {rElec Str+6}
   (You found it in the Desolation of Salt)

   [ring of strength]

   It affects your strength (+6).
   It insulates you from electricity.
 d - a cursed -4 ring of intelligence {unknown}
 w - an amulet of guardian spirit (around neck)
 J - a ring of poison resistance (left hand)
Wands
 f - a wand of disintegration (43)
 m - a wand of digging (3)
 p - a wand of polymorph (37)
 y - a wand of iceblast (11)
 A - a wand of acid (16)
 H - a wand of flame (162)
 L - a wand of paralysis (25)
Scrolls
 c - 5 scrolls of brand weapon
 h - 26 scrolls of remove curse
 l - 11 scrolls of teleportation
 n - 11 scrolls of fog
 q - a scroll of silence
 B - 2 scrolls of summoning
 C - 5 scrolls of blinking
 I - 3 scrolls of amnesia
 M - 4 scrolls of fear
 O - a scroll of holy word
 V - 2 scrolls of magic mapping
 X - 11 scrolls of identify
 Z - 4 scrolls of enchant weapon
Potions
 g - 3 potions of invisibility
 j - 6 potions of haste
 k - 11 potions of brilliance
 v - 7 potions of stabbing
 D - 6 potions of flight
 E - 2 potions of ambrosia
 N - a potion of curing
 Q - a potion of berserk rage
 S - 4 potions of mutation
Miscellaneous
 i - a condenser vane (2/2)
 x - a box of beasts (3/3)
 z - a phantom mirror
 F - a phantom mirror
 W - a tin of tremorstones (3/3)


   Skills:
 + Level 24.4 Fighting
 - Level 17.7(20.2) Short Blades
   Level 12.0(14.0) Long Blades
 - Level 17.7 Armour
 + Level 23.7 Dodging
 - Level 24.9 Stealth
 + Level 19.6 Shields
 - Level 16.0 Invocations
 + Level 12.5 Evocations


You had 26 spell levels left.
You didn't know any spells.
Your spell library contained the following spells:

 Spells                   Type           Power        Failure   Level
 Animate Skeleton         Necr           #.....       99%         1
 Apportation              Tloc           #.....       99%         1
 Beastly Appendage        Tmut           #.....       99%         1
 Corona                   Hex            #......      99%         1
 Foxfire                  Conj/Fire      #...         99%         1
 Freeze                   Ice            #...         99%         1
 Magic Dart               Conj           #...         99%         1
 Pain                     Necr           #...         99%         1
 Sting                    Tmut/Pois      #...         99%         1
 Summon Small Mammal      Summ           #...         99%         1
 Blink                    Tloc           N/A          100%        2
 Call Imp                 Summ           #.......     100%        2
 Corpse Rot               Necr/Air       N/A          100%        2
 Passwall                 Tmut/Erth      #.......     100%        2
 Poisonous Vapours        Pois/Air       #.....       100%        2
 Slow                     Hex            #.......     100%        2
 Swiftness                Air            #.......     100%        2
 Wereblood                Tmut           #.......     100%        2
 Conjure Flame            Conj/Fire      #.......     100%        3
 Frozen Ramparts          Ice            #.....       100%        3
 Gell's Gravitas          Tloc           #.........   100%        3
 Ignite Poison            Fire/Tmut/Pois #.......     100%        3
 Inner Flame              Hex/Fire       #.......     100%        3
 Lesser Beckoning         Tloc           #.........   100%        3
 Mephitic Cloud           Conj/Pois/Air  #.......     100%        3
 Ozocubu's Armour         Ice            #.......     100%        3
 Portal Projectile        Hex/Tloc       #.....       100%        3
 Spider Form              Tmut/Pois      #.........   100%        3
 Teleport Other           Tloc           #.......     100%        3
 Vampiric Draining        Necr           #.........   100%        3
 Animate Dead             Necr           #.........   100%        4
 Cause Fear               Hex            #.........   100%        4
 Dispel Undead            Necr           #.......     100%        4
 Hailstorm                Conj/Ice       #.......     100%        4
 Ice Form                 Ice/Tmut       #.......     100%        4
 Leda's Liquefaction      Hex/Erth       #.........   100%        4
 Olgreb's Toxic Radiance  Pois           #.......     100%        4
 Passage of Golubria      Tloc           N/A          100%        4
 Sticky Flame             Conj/Fire      #.......     100%        4
 Summon Ice Beast         Ice/Summ       #.......     100%        4
 Agony                    Necr           #.......     100%        5
 Blade Hands              Tmut           #.........   100%        5
 Borgnjor's Vile Clutch   Necr/Erth      #.........   100%        5
 Excruciating Wounds      Necr           #.........   100%        5
 Fireball                 Conj/Fire      #.........   100%        5
 Irradiate                Conj/Tmut      #.........   100%        5
 Lee's Rapid Deconstruct  Erth           #.........   100%        5
 Silence                  Hex/Air        #.........   100%        5
 Summon Demon             Summ           #.........   100%        5
 Summon Forest            Summ/Tloc      #.........   100%        5
 Summon Mana Viper        Hex/Summ       #.......     100%        5
 Yara's Violent Unravell  Hex/Tmut       #.........   100%        5
 Conjure Ball Lightning   Conj/Air       #.........   100%        6
 Dispersal                Tloc           #.........   100%        6
 Hydra Form               Tmut           #.........   100%        6
 Invisibility             Hex            #.......     100%        6
 Shadow Creatures         Summ           N/A          100%        6
 Statue Form              Tmut/Erth      #........    100%        6
 Dragon Form              Tmut           #.........   100%        7
 Summon Hydra             Summ           #.........   100%        7
 Discord                  Hex            #.........   100%        8
 Dragon's Call            Summ           #.........   100%        9


Dungeon Overview and Level Annotations

Branches:
Dungeon (15/15)            Temple (1/1) D:4            Lair (6/6) D:9
 Shoals (4/4) Lair:4       Spider (4/4) Lair:3        Slime (1/5) Lair:6
    Orc (2/2) D:12            Elf (3/3) Orc:2        Vaults (5/5) D:14
  Crypt (1/3) Vaults:2     Depths (5/5) D:15           Hell (visited)
    Dis (0/7) Hell            Geh (0/7) Hell            Coc (0/7) Hell
    Tar (0/7) Hell            Zot (5/5) Depths:5    Ossuary (visited)
Desolation (visited)

Altars:
Ashenzari
Cheibriados
Dithmenos
Elyvilon
Fedhas
Gozag
Hepliaklqana
Kikubaaqudgha
Makhleb
Nemelex Xobeh
Okawaru
Qazlal
Ru
Sif Muna
Trog
Uskayaw
Vehumet
Wu Jian
Xom
Yredelemnul
Zin
The Shining One
Jiyva
Lugonu

Shops:
D:4 (   D:10 =   D:13 [   Orc:2 :([*?   Elf:1 *   Elf:2 }=}   Vaults:1 *
Vaults:5 [*}??!???   Depths:1 (   Depths:4 :

Portals:
Hell: Depths:1 Depths:2 Depths:3 Depths:4 Depths:5
Abyss: Depths:1 Depths:2 Depths:4
Pandemonium: Depths:2 Depths:3
Ziggurat: Depths:4

Annotations:
D:11 3 runed translucent doors, Maucann's ghost, journeyman MiHu
Lair:2 Sibaitro's ghost, journeyman GnWr
Shoals:3 Donald; Mara; Polyphemus
Vaults:3 8 runed translucent doors, Mujukuneu's ghost, veteran HuCj
Vaults:4 Mennas
Crypt:1 Khufu
Hell Geryon
Zot:2 31 runed doors
Zot:5 3 runed translucent doors
Abyss:1 Tiamat; fritzmikael's ghost, novice DECj


Innate Abilities, Weirdness & Mutations

You are small and have problems with some larger weapons.
You are completely attuned to the shadows.
You have a pair of small horns on your head.
You are dopey. (Int -2)
You are frail. (-10% HP)


Message History

You completely miss the Orb Guardian.
The Orb Guardian is almost dead.
You block the Orb Guardian's attack.
You puncture the Orb Guardian!
You kill the Orb Guardian!
Lugonu accepts your kill.
You climb upwards.
There is a stone staircase leading down here.
A neqoxec comes into view.
There is a stone staircase leading up here.
The neqoxec gestures at you.
Strange energies course through your body.
You feel stupid.
You climb upwards.
There is a stone staircase leading down here.
There is an open door here.
There is a staircase leading out of the dungeon here.
There is a staircase leading out of the dungeon here.
You can't go down here!
You have escaped!

............................>.#
...............#..............#
.........###################.####
.#########.............#####.....
.# ###..........⌠.......(..######
.###...⌠.................⌠...##
.##........⌠.........⌠........##
.#.............................#
.#...⌠..........@..........⌠...#
.#.............................#
.##........⌠.........⌠........##
..##...⌠.................⌠...##
#..###..........⌠..........###
#...###'##.............##'##
#.#.# #..###############..# #.#.#
#...................# ..#.#
#######.##.##.#######


There were no monsters in sight!

Vanquished Creatures
  2 ancient liches
  2 Killer Klowns
  Bai Suzhen (Vaults:2)
  3 curse toes
  5 caustic shrikes
  Margery (Vaults:4)
  Nikola (Shoals:3)
  A bone dragon (Abyss:1)
  11 golden dragons
  3 liches
  Rupert (Lair:3)
  Jorgrun (D:15)
  15 tentacled monstrosities
  17 Orb Guardians
  3 titans
  Asterion (Elf:2)
  5 quicksilver dragons
  2 deep elf master archers (Elf:3)
  The ghost of Dienesei the Severer, an adept MiBe of Trog (Shoals:2)
  An acid blob (Slime:1)
  2 deep elf blademasters (Elf:3)
  5 tentacled starspawn
  9 death cobs
  Kirke (Shoals:1)
  11 storm dragons
  6 shadow dragons
  5 sphinxes
  2 draconian monks (Zot:4)
  10 tengu reavers
  Roxanne (Shoals:1)
  14 vault wardens
  10 fire giants
  7 deep elf sorcerers
  A draconian knight (Zot:4)
  8 ghost moths
  7 draconian scorchers
  An iron dragon (Depths:5)
  7 frost giants
  4 deep elf elementalists
  Aizul (Shoals:1)
  5 draconian shifters
  Louise (D:14)
  9 emperor scorpions
  2 balrugs (Hell)
  2 draconian stormcallers
  17 ironheart preservers
  2 juggernaut skeletons (Depths:4)
  5 draconian annihilators
  15 very ugly things
  An entropy weaver (Spider:1)
  4 war gargoyles
  2 reapers (Hell)
  27 stone giants
  8 deep elf demonologists
  7 green draconians
  9 red draconians
  A lorocyproca (Abyss:3)
  14 purple draconians
  4 vampire knights
  7 white draconians
  5 black draconians
  12 yellow draconians
  8 deep elf annihilators
  8 spark wasps
  3 deep elf death magi (Elf:3)
  A blizzard demon (Hell)
  A crystal guardian (Desolation)
  7 merfolk impalers
  14 ettins
  5 merfolk javelineers
  9 fire dragons
  24 yaktaur captains
  4 deep elf high priests
  12 ogre magi
  9 great orbs of eyes
  2 naga warriors (Abyss:5)
  3 ragged hierophants (Desolation)
  14 ice dragons
  8 peacekeepers (Desolation)
  4 rakshasas
  A quicksilver dragon skeleton (Abyss:1)
  2 merfolk avatars (Shoals:4)
  28 vault guards
  4 hydras
  3 servants of whispers (Desolation)
  10 spriggan air magi
  10 centaur warriors
  6 merfolk aquamancers
  24 dancing weapons
  A satyr (Shoals:3)
  51 two-headed ogres
  3 catoblepae
  9 deep troll shamans
  A satyr (shapeshifter) (Vaults:5)
  3 hell hogs
  4 vampire magi
  3 death yaks (Shoals:3)
  4 deep troll earth magi
  5 spriggans
  7 tengu warriors
  4 spriggan berserkers
  2 iron golems (Hell)
  3 thrashing horrors
  2 wretched stars
  5 sun demons
  3 soul eaters
  12 hell knights
  19 deep elf knights
  A fire crab (Lair:6)
  A titan skeleton (Depths:4)
  Sonja (D:11)
  A shadow wraith (Vaults:4)
  4 iron trolls
  9 skeletal warriors
  2 spatial maelstroms
  2 glowing orange brains
  3 unseen horrors
  11 sea snakes
  A sea snake (shapeshifter) (Depths:2)
  2 flayed ghosts (Depths:1)
  A cherub (Zot:3)
  A deep troll (shapeshifter) (Vaults:5)
  An unseen horror (shapeshifter) (Vaults:2)
  12 deep elf archers
  29 deep trolls
  12 starcursed masses
  A glowing orange brain (shapeshifter) (Elf:2)
  18 ironbrand convokers
  A lindwurm (Lair:6)
  A sphinx zombie (Depths:4)
  A golden dragon skeleton (Depths:4)
  3 wizards
  43 ugly things
  Pikel (D:9)
  9 necromancers
  15 harpies
  A wolf spider zombie (D:15)
  A wolf spider (shapeshifter) (D:14)
  10 orc knights
  21 orb spiders
  An anaconda skeleton (Hell)
  4 orc sorcerers
  A shadow dragon skeleton (Vaults:4)
  20 cyclopes
  45 deep elf magi
  26 wolf spiders
  33 moths of wrath
  16 manticores
  A stone giant skeleton (Vaults:4)
  2 guardian serpents
  3 fauns (Shoals:2)
  6 black mambas
  3 naga magi (D:15)
  2 black mambas (shapeshifter)
  10 vault sentinels
  11 elephants
  11 rust devils
  10 smoke demons
  2 orange demons (Hell)
  8 merfolk sirens
  5 gargoyles
  2 molten gargoyles (Desolation)
  6 torpor snails (Lair:6)
  7 water nymphs
  8 centaur skeletons
  A kobold demonologist (D:8)
  A rime drake (Lair:5)
  8 cane toads
  3 efreet
  A komodo dragon (shapeshifter) (Depths:2)
  14 demonic crawlers
  4 freezing wraiths
  5 komodo dragons
  A yaktaur zombie (Vaults:4)
  3 hydra zombies (Hell)
  2 tormentors
  An ice devil (Depths:3)
  84 yaktaurs
  12 trolls
  A red devil (Hell)
  A wind drake (shapeshifter) (Vaults:1)
  A meliai (shapeshifter) (Vaults:4)
  2 trolls (shapeshifter)
  2 ancient zymes
  3 polar bears
  7 tengu conjurers
  37 jumping spiders
  6 wind drakes
  9 raiju
  4 tyrant leeches (Lair:6)
  45 saltlings (Desolation)
  A polar bear (shapeshifter) (Vaults:3)
  A harpy zombie (D:14)
  33 merfolk
  20 slime creatures
  Grinder (D:6)
  10 snapping turtles
  A hippogriff (shapeshifter) (Vaults:4)
  26 hornets
  An alligator zombie (Hell)
  11 hippogriffs
  A meliai zombie (D:15)
  A blink frog (shapeshifter) (Vaults:2)
  11 dream sheep
  A human simulacrum (Vaults:1)
  18 blink frogs
  2 shadows
  13 tarantellas
  57 redbacks
  24 yaks
  2 spriggans (shapeshifter)
  A wraith (D:13)
  2 air elementals (Elf:1)
  3 centaur simulacra
  3 vampires
  18 water elementals
  2 tarantellas (shapeshifter)
  3 yaks (shapeshifter)
  4 wyverns
  3 ynoxinuls
  A human (shapeshifter) (Depths:1)
  A steam dragon (shapeshifter) (Depths:3)
  Eustachio (D:6)
  10 large abominations
  A hog (shapeshifter) (Depths:1)
  4 fire elementals
  3 chaos spawn
  A steam dragon (D:12)
  2 basilisks
  3 vampire mosquitoes
  4 neqoxecs
  Menkaure (D:6)
  A deep troll zombie (Vaults:4)
  2 nagas (Abyss:5)
  A naga (shapeshifter) (Depths:4)
  5 wargs
  A swamp worm (shapeshifter) (Vaults:5)
  A spatial vortex (Abyss:1)
  An acid dragon (D:12)
  15 water moccasins
  2 cane toad zombies (Hell)
  A floating eye (shapeshifter) (Vaults:5)
  8 hell hounds (Hell)
  8 porcupines
  38 orc warriors
  3 sky beasts
  A cane toad skeleton (Hell)
  7 ice beasts
  5 black bears
  9 small abominations
  3 eyes of draining
  16 wolves
  31 ogres
  A phantom (D:4)
  20 boggarts
  22 centaurs
  A lemure (D:9)
  14 crocodiles
  16 big kobolds
  25 bullfrogs
  7 earth elementals
  2 cane toad simulacra (Hell)
  A gnoll sergeant (D:9)
  3 wyvern skeletons
  A water moccasin zombie (D:11)
  10 scorpions
  9 wights
  4 howler monkeys
  11 killer bees
  9 electric eels
  4 human zombies
  3 quasits
  4 bullfrog zombies
  4 bullfrog skeletons
  9 centaur zombies
  2 hounds
  17 orc priests
  Crazy Yiuf (D:2)
  An iguana (D:11)
  4 jellies
  Jessica (D:3)
  2 human skeletons (Crypt:1)
  8 worker ants
  28 orc wizards
  Natasha (twice) (D:2)
  A killer bee zombie (D:5)
  A big kobold zombie (Ossuary)
  8 mummies
  Robin (D:2)
  A worker ant zombie (D:10)
  4 gnolls (Orc:2)
  4 scorpion zombies (Ossuary)
  18 adders
  3 shadow imps
  4 white imps
  2 ufetubi
  2 oozes (Lair:6)
  An adder zombie (D:5)
  2 dart slugs
  4 leopard geckos
  101 orcs
  2 ball pythons
  3 giant cockroaches
  15 goblins
  11 hobgoblins
  12 jackals
  5 quokkas
  8 bats
  7 frilled lizards
  4 gnoll zombies (Ossuary)
  2 goblin zombies (Ossuary)
  2 hobgoblin zombies (Ossuary)
  20 kobolds
  A kobold simulacrum (Abyss:3)
  2 kobold zombies (Ossuary)
  A quokka skeleton (D:7)
  6 rats
  A starspawn tentacle (Abyss:1)
2404 creatures vanquished.

Vanquished Creatures (others)
  A death cob (Zot:4)
  A fire giant (Depths:5)
  A ghost moth (Spider:3)
  A yellow draconian (Zot:5)
  An ogre mage (Depths:4)
  A servant of whispers (Desolation)
  A deep elf knight (Elf:3)
  A sixfirhy (Zot:3)
  An unseen horror (D:15)
  A water nymph (Shoals:4)
  A yaktaur (Vaults:1)
  A demonic crawler (Spider:1)
  A raiju (Abyss:1)
  A human (Shoals:1)
  3 boggarts
  A scorpion (Ossuary)
  3 orcs
  58 fungi
  151 plants
  15 starspawn tentacles
245 creatures vanquished.

Grand Total: 2649 creatures vanquished

Notes
Turn   | Place    | Note
-------+----------+-------------------------------------------
     0 | Abyss:1  | fritzmikael the Kobold Abyssal Knight began the quest for
                  | the Orb.
     0 | Abyss:1  | Reached XP level 1. HP: 14/14 MP: 2/2
    26 | Abyss:1  | Found a corrupted altar of Lugonu.
    32 | D:1      | Escaped the Abyss
   171 | D:1      | Reached XP level 2. HP: 19/19 MP: 3/3
   188 | D:1      | Reached skill level 1 in Armour
   349 | D:1      | Reached skill level 1 in Stealth
  1233 | D:2      | Reached XP level 3. HP: 23/23 MP: 4/4
  1242 | D:2      | Found a runed translucent door.
  1245 | D:2      | Noticed Crazy Yiuf
  1261 | D:2      | Killed Crazy Yiuf
  1261 | D:2      | Reached XP level 4. HP: 16/29 MP: 5/5
  1843 | D:2      | Reached ** piety under Lugonu
  1909 | D:2      | Noticed Robin
  1959 | D:2      | Noticed Natasha
  1979 | D:2      | Killed Natasha
  1981 | D:2      | Reached XP level 5. HP: 22/33 MP: 7/7
  2226 | D:2      | Found a glowing golden altar of the Shining One.
  2437 | D:2      | Killed Robin
  2960 | D:2      | Noticed Natasha
  2973 | D:2      | Killed Natasha
  3102 | D:3      | Reached XP level 6. HP: 38/38 MP: 8/8
  3458 | D:3      | Noticed Jessica
  3462 | D:3      | Killed Jessica
  3476 | D:3      | Found a shimmering blue altar of Sif Muna.
  3544 | D:3      | Reached *** piety under Lugonu
  4205 | D:4      | Reached XP level 7. HP: 33/44 MP: 9/9
  4334 | D:4      | Reached skill level 5 in Short Blades
  4528 | D:4      | Found a staircase to the Ecumenical Temple.
  4734 | D:4      | Found Xuimme's Antique Weapon Shop.
  5186 | Temple   | Entered the Ecumenical Temple
  5527 | D:5      | Entered Level 5 of the Dungeon
  6216 | D:5      | Reached skill level 5 in Fighting
  6442 | D:5      | Reached skill level 5 in Stealth
  6868 | D:5      | Reached XP level 8. HP: 49/49 MP: 11/11
  6869 | D:5      | Noticed Sigmund
  7421 | D:5      | Reached skill level 5 in Dodging
  7920 | D:5      | Noticed Sigmund
  7920 | D:5      | Sigmund changed into Sigmund the porcupine
  7964 | D:5      | Killed Sigmund the porcupine
  8257 | D:5      | Found a shimmering blue altar of Sif Muna.
  8729 | D:6      | Found a shimmering altar of Xom.
  8761 | D:6      | Noticed Grinder
  8770 | D:6      | Killed Grinder
  8770 | D:6      | Reached skill level 5 in Invocations
  8770 | D:6      | Reached XP level 9. HP: 55/55 MP: 12/12
  8817 | D:6      | Found a sacrificial altar of Ru.
  8893 | D:6      | Found an iron altar of Okawaru.
  8896 | D:6      | Noticed Eustachio
  8926 | D:6      | Noticed Menkaure
  8928 | D:6      | Gained mutation: You have sharp toenails. [potion of
                  | mutation]
  8928 | D:6      | Gained mutation: You are partially covered in iridescent
                  | scales. (AC +2) [potion of mutation]
  8944 | D:6      | Killed Eustachio
  9486 | D:6      | Killed Menkaure
  9730 | D:6      | Found a snail-covered altar of Cheibriados.
 10095 | D:7      | Found a sand-covered staircase.
 10101 | Ossuary  | Entered an ossuary
 10503 | Ossuary  | Reached **** piety under Lugonu
 11000 | D:7      | Found an opulent altar of Gozag.
 11558 | D:7      | Reached XP level 10. HP: 61/61 MP: 14/14
 12110 | D:8      | Found a runed translucent gate.
 12111 | D:8      | Found a runed translucent gate.
 12111 | D:8      | Noticed fritzmikael's ghost (novice DECj)
 12112 | D:8      | Found a runed translucent gate.
 12115 | D:8      | Noticed an 11-headed hydra
 12146 | D:7      | Found a radiant altar of Vehumet.
 12146 | D:7      | Found a stormy altar of Qazlal.
 12264 | D:8      | Banished an 11-headed hydra
 12448 | D:8      | Banished fritzmikael's ghost
 12510 | D:8      | Identified the +8 scimitar of the Glimmering Traitor
                  | {venom, +Rage rN+ MR+ Int-5} (You found it on level 8 of
                  | the Dungeon)
 12844 | D:8      | Noticed a two-headed ogre
 12849 | D:8      | Killed a two-headed ogre
 12849 | D:8      | Reached skill level 1 in Evocations
 13001 | D:8      | Noticed a kobold demonologist
 13016 | D:8      | Killed a kobold demonologist
 13016 | D:8      | Reached skill level 1 in Long Blades
 13021 | D:8      | Reached XP level 11. HP: 61/68 MP: 16/16
 13043 | D:8      | Reached skill level 10 in Stealth
 13860 | D:9      | Found a glowing silver altar of Zin.
 13860 | D:9      | Found a burning altar of Makhleb.
 13861 | D:9      | Noticed an Executioner
 13861 | D:9      | Noticed an angel
 13905 | D:9      | Found a staircase to the Lair.
 14237 | D:9      | Noticed Pikel
 14249 | D:9      | Killed Pikel
 14595 | D:9      | Reached skill level 5 in Armour
 14771 | D:10     | Entered Level 10 of the Dungeon
 15146 | D:10     | Reached ***** piety under Lugonu
 15954 | D:10     | Found Riaps's Jewellery Shop.
 15974 | D:10     | Bought an uncursed ring of poison resistance for 240 gold
                  | pieces
 16111 | D:10     | Noticed a deep elf mage
 16473 | D:10     | Killed a deep elf mage
 16473 | D:10     | Reached skill level 5 in Evocations
 16473 | D:10     | Reached XP level 12. HP: 45/76 MP: 9/18
 16755 | D:10     | Killed an unseen horror
 16806 | D:10     | Killed an unseen horror
 17113 | Lair:1   | Entered Level 1 of the Lair of Beasts
 18681 | Lair:2   | Found a runed translucent door.
 18681 | Lair:2   | Identified the +5 spear of Onituyto {pain, Dex+4}
 18681 | Lair:2   | Noticed a spriggan rider
 18893 | Lair:2   | Noticed Sibaitro's ghost (journeyman GnWr)
 19045 | Lair:2   | Reached skill level 10 in Dodging
 21087 | Lair:3   | Noticed Rupert
 21101 | Lair:3   | Killed Rupert
 21101 | Lair:3   | Reached skill level 10 in Fighting
 21101 | Lair:3   | Reached XP level 13. HP: 82/82 MP: 15/20
 21591 | Lair:3   | Found a hole to the Spider Nest.
 21650 | Spider:1 | Entered Level 1 of the Spider Nest
 21682 | Spider:1 | Noticed an emperor scorpion
 21690 | Lair:3   | Reached skill level 10 in Invocations
 21701 | Lair:3   | HP: 4/83 [emperor scorpion (11)]
 21706 | Lair:3   | Killed an emperor scorpion
 22135 | Lair:4   | Noticed a five-headed hydra
 22144 | Lair:4   | Killed a one-headed hydra
 22195 | Lair:4   | Noticed a four-headed hydra
 22202 | Lair:4   | Killed a one-headed hydra
 22340 | Lair:4   | Found a staircase to the Shoals.
 23395 | Lair:5   | Reached skill level 5 in Long Blades
 23848 | Lair:5   | Reached skill level 1 in Shields
 23958 | Lair:5   | Found a basalt altar of Yredelemnul.
 24158 | Lair:5   | Reached XP level 14. HP: 90/90 MP: 14/21
 24625 | Lair:6   | Entered Level 6 of the Lair of Beasts
 26142 | Lair:6   | Found a runed translucent door.
 26201 | Lair:6   | Found a viscous altar of Jiyva.
 26548 | Lair:6   | Found a staircase to the Slime Pits.
 26706 | Slime:1  | Entered Level 1 of the Pits of Slime
 26731 | Slime:1  | Noticed an acid blob
 26744 | Slime:1  | Killed an acid blob
 27005 | Lair:6   | Found a runed translucent door.
 27708 | Lair:6   | Paralysed by a hornet for 3 turns
 28072 | Lair:6   | Paralysed by a hornet for 3 turns
 28445 | Lair:6   | Paralysed by a hornet for 1 turns
 28709 | D:11     | Found a radiant altar of Vehumet.
 28983 | D:11     | Reached XP level 15. HP: 88/96 MP: 22/22
 28990 | D:11     | Noticed Sonja
 29007 | D:11     | Killed Sonja
 29120 | D:11     | Found a runed translucent gate.
 29121 | D:11     | Found a runed translucent gate.
 29122 | D:11     | Found a runed translucent gate.
 29219 | D:11     | Reached ****** piety under Lugonu
 29543 | D:11     | Found a sacrificial altar of Ru.
 30000 | D:11     | Noticed Maucann's ghost (journeyman MiHu)
 31478 | D:12     | Identified the cursed +0 cloak of Corar {MR+} (You found it
                  | on level 12 of the Dungeon)
 31540 | D:12     | Found a staircase to the Orcish Mines.
 31574 | D:12     | Found an iron altar of Okawaru.
 31685 | D:12     | Reached skill level 5 in Shields
 32085 | D:13     | Found Iblunil's Antique Armour Boutique.
 32091 | D:13     | Bought quicksilver dragon scales for 1320 gold pieces
 33484 | D:14     | Found a gate to the Vaults.
 33527 | D:14     | Reached XP level 16. HP: 74/103 MP: 19/23
 33744 | D:14     | Noticed Louise
 33782 | D:14     | Killed Louise
 34569 | D:15     | Entered Level 15 of the Dungeon
 34781 | D:15     | Reached skill level 10 in Long Blades
 35164 | D:15     | Noticed Jorgrun
 35169 | D:15     | Killed Jorgrun
 35867 | D:15     | Found a staircase to the Depths.
 37816 | Spider:1 | Reached XP level 17. HP: 97/109 MP: 22/24
 39303 | Spider:2 | Identified the cursed +2 war axe of the Equator {venom,
                  | rF+++ rC- Dex+3 SInv} (You found it on level 2 of the
                  | Spider Nest)
 40999 | Spider:3 | Identified the cursed +1 leather armour of the Trilobite
                  | {+Blink Int+4 SInv} (You found it on level 3 of the Spider
                  | Nest)
 41055 | Spider:4 | Entered Level 4 of the Spider Nest
 41606 | Spider:4 | Identified the cursed +0 buckler of Stoicism {rPois} (You
                  | found it on level 4 of the Spider Nest)
 41623 | Spider:4 | Upgraded the game from 0.26-a0-599-gc8f6553d2c to
                  | 0.26-a0-602-gd42a14c23b
 42418 | Spider:4 | Reached XP level 18. HP: 50/116 MP: 25/25
 43299 | Spider:4 | Reached skill level 15 in Dodging
 43869 | Spider:4 | Got a gossamer rune of Zot
 44153 | Shoals:1 | Entered Level 1 of the Shoals
 44608 | Shoals:1 | Reached skill level 15 in Stealth
 44696 | Shoals:1 | Noticed Kirke
 44706 | Shoals:1 | Killed Kirke
 45289 | Shoals:1 | Noticed Aizul
 45305 | Shoals:1 | Killed Aizul
 45437 | Shoals:1 | Noticed Roxanne
 45459 | Shoals:1 | Killed Roxanne
 45872 | Shoals:3 | Noticed Nikola
 45892 | Shoals:3 | Killed Nikola
 46748 | Shoals:2 | Found a runed translucent door.
 46824 | Shoals:2 | Noticed Dienesei's ghost (adept MiBe)
 47157 | Shoals:2 | Killed Dienesei's ghost
 48033 | Shoals:3 | Noticed Donald
 48155 | Shoals:3 | Noticed Polyphemus
 48365 | Shoals:3 | Reached XP level 19. HP: 92/123 MP: 17/26
 48599 | Shoals:3 | Noticed Mara
 48793 | Shoals:3 | Noticed fritzmikael's illusion
 48804 | Shoals:4 | Entered Level 4 of the Shoals
 48825 | Shoals:4 | Reached skill level 15 in Fighting
 49410 | Shoals:4 | Got a barnacled rune of Zot
 49639 | Shoals:4 | Found the +3 pair of gauntlets of War {Slay+5}
 50165 | Shoals:4 | Identified the cursed +0 flail "Xaodd" {freeze, *Drain
                  | rPois rF+++ Str+4} (You found it on level 4 of the Shoals)
 50674 | Orc:1    | Entered Level 1 of the Orcish Mines
 50963 | Orc:2    | Entered Level 2 of the Orcish Mines
 51024 | Orc:2    | Found Dube's General Store.
 51540 | Orc:2    | Found Virghijea's Antique Weapon Boutique.
 51578 | Orc:2    | Found Huevaeth's Book Emporium.
 51627 | Orc:2    | Found Geta's Antique Armour Boutique.
 51751 | Orc:2    | Found Jonitenua's Magic Scroll Shop.
 51776 | Orc:2    | Found a staircase to the Elven Halls.
 52346 | Depths:1 | Entered Level 1 of the Depths
 52393 | Depths:1 | Reached skill level 10 in Armour
 52404 | Depths:1 | Found a one-way gate to the infinite horrors of the Abyss.
 52498 | Depths:1 | Reached XP level 20. HP: 122/131 MP: 19/28
 52573 | Depths:1 | Found Xaapluuf's Weapon Boutique.
 53261 | Vaults:1 | Entered Level 1 of the Vaults
 53300 | Vaults:1 | Reached skill level 10 in Shields
 53552 | Vaults:1 | Noticed an Ice Fiend
 54442 | Vaults:1 | Identified the +6 dagger of Debt {venom, Str+6 Stlth-} (You
                  | found it on level 1 of the Vaults)
 56038 | Vaults:1 | Found Efionk's General Store.
 56491 | Vaults:2 | Reached XP level 21. HP: 137/137 MP: 26/29
 56819 | Vaults:2 | Got a spiked helmet
 56829 | Vaults:2 | Identified the +3 helmet "Edogo" {Str+2} (You found it on
                  | level 2 of the Vaults)
 57050 | Vaults:2 | Noticed Bai Suzhen
 57166 | Vaults:2 | Killed Bai Suzhen
 57261 | Vaults:2 | Identified the cursed +1 glaive of Bobuo {protect, Str+3
                  | SInv}
 57902 | Vaults:2 | Found a staircase to the Crypt.
 57902 | Vaults:2 | Found a basalt altar of Yredelemnul.
 57902 | Vaults:2 | Found an ancient bone altar of Kikubaaqudgha.
 58297 | Vaults:3 | Paralysed by an ogre mage for 4 turns
 59607 | Vaults:3 | Found a large runed translucent door.
 59607 | Vaults:3 | Found a large runed translucent door.
 59607 | Vaults:3 | Noticed Mujukuneu's ghost (veteran HuCj)
 59608 | Vaults:3 | Found a large runed translucent door.
 59608 | Vaults:3 | Found a large runed translucent door.
 59608 | Vaults:3 | Found a large runed translucent door.
 59608 | Vaults:3 | Found a large runed translucent door.
 59609 | Vaults:3 | Found a large runed translucent door.
 59609 | Vaults:3 | Found a large runed translucent door.
 60136 | Vaults:4 | Reached XP level 22. HP: 144/144 MP: 25/30
 61339 | Vaults:4 | Identified the cursed +0 helmet of Activism {rF+ Dex+3}
                  | (You found it on level 4 of the Vaults)
 61878 | Vaults:5 | Entered Level 5 of the Vaults
 62273 | Vaults:5 | Noticed a golden dragon
 62318 | Vaults:5 | Killed a golden dragon
 62318 | Vaults:5 | Reached XP level 23. HP: 86/151 MP: 16/32
 62336 | Vaults:5 | Noticed Margery
 62339 | Vaults:5 | HP: 7/151 [Margery/bolt of fire (15)]
 63111 | Vaults:4 | Killed Margery
 63555 | Vaults:5 | Noticed a golden dragon
 63573 | Vaults:5 | Killed a golden dragon
 64457 | Vaults:5 | Noticed Mennas
 65851 | Vaults:5 | Found Heyroet's Magic Scroll Shoppe.
 65851 | Vaults:5 | Found Huhin's Magic Scroll Shop.
 66056 | Vaults:5 | Found Gahumifi's Magic Scroll Emporium.
 66068 | Vaults:5 | Found Opratt's Distillery.
 66072 | Vaults:5 | Bought a potion of heal wounds for 80 gold pieces
 66079 | Vaults:5 | Found Ileclyom's Magic Scroll Shoppe.
 66079 | Vaults:5 | Found Conuaz's Magic Scroll Boutique.
 66083 | Vaults:5 | Bought a scroll of enchant weapon for 97 gold pieces
 66091 | Vaults:5 | Bought a scroll of enchant weapon for 97 gold pieces
 66091 | Vaults:5 | Bought a scroll of enchant weapon for 97 gold pieces
 66091 | Vaults:5 | Bought a scroll of acquirement for 676 gold pieces
 66091 | Vaults:5 | Acquired 1060 gold pieces
 66133 | Vaults:5 | Got a silver rune of Zot
 66241 | Vaults:5 | Bought 2 scrolls of enchant armour for 195 gold pieces
 66250 | Vaults:5 | Noticed an ancient lich
 66346 | Vaults:5 | Found Uzizxot's General Store.
 66856 | Vaults:5 | Cast into level 5 of the Abyss (an ancient lich)
 66856 | Abyss:5  | Entered Level 5 of the Abyss
 66888 | Abyss:5  | Found a corrupted altar of Lugonu.
 67003 | Abyss:5  | Paralysed by accursed screaming for 1 turns
 67344 | Vaults:5 | Escaped the Abyss
 67621 | Vaults:5 | Found Sidysm's Gadget Boutique.
 67640 | Vaults:5 | Reached XP level 24. HP: 159/159 MP: 32/32
 67651 | Vaults:5 | Found Zimux's Antique Armour Shop.
 68374 | Crypt:1  | Entered Level 1 of the Crypt
 68416 | Crypt:1  | Noticed a greater mummy
 68423 | Crypt:1  | Noticed Khufu
 69154 | Depths:1 | Found a gateway to Hell.
 69191 | Depths:1 | Paralysed by a great orb of eyes for 5 turns
 70024 | Depths:2 | Paralysed by a sphinx for 6 turns
 70559 | Depths:2 | Found a corrupted altar of Lugonu.
 71989 | Depths:2 | Found a one-way gate leading to the halls of Pandemonium.
 72081 | Hell     | Entered the Vestibule of Hell
 72930 | Hell     | Found a gateway to the decaying netherworld of Tartarus.
 72984 | Hell     | Found a gateway to the ashen valley of Gehenna.
 73219 | Hell     | Found a gateway to the freezing wastes of Cocytus.
 73255 | Hell     | Noticed Geryon
 73319 | Hell     | Reached XP level 25. HP: 121/165 MP: 25/33
 73777 | Hell     | Found a gateway to the Iron City of Dis.
 75783 | Depths:3 | Noticed a caustic shrike
 75795 | Depths:3 | Killed a caustic shrike
 76730 | Depths:3 | Reached skill level 15 in Invocations
 76995 | Depths:4 | Noticed a caustic shrike
 77020 | Depths:4 | Killed a caustic shrike
 77607 | Depths:4 | Reached XP level 26. HP: 173/173 MP: 28/34
 77805 | Depths:4 | Found Plog's Book Emporium.
 77839 | Depths:4 | Found a gateway to a ziggurat.
 80682 | Depths:5 | Entered Level 5 of the Depths
 83424 | Depths:5 | Identified a +9 rapier of distortion (a +9 vampiric rapier
                  | corrupted by Lugonu)
 83424 | Depths:5 | Received a gift from Lugonu
 83425 | Depths:5 | Reached skill level 15 in Armour
 83495 | Depths:5 | Reached skill level 15 in Shields
 83852 | Depths:5 | Reached XP level 27. HP: 176/180 MP: 35/35
 83957 | Depths:5 | Found a gate to the Realm of Zot.
 84103 | Zot:1    | Entered Level 1 of the Realm of Zot
 84998 | Vaults:5 | Bought a scroll of brand weapon for 260 gold pieces
 85005 | Vaults:5 | Bought a scroll of teleportation for 39 gold pieces
 85009 | Vaults:5 | Bought a scroll of fog for 26 gold pieces
 85016 | Vaults:5 | Bought a scroll of magic mapping for 45 gold pieces
 85029 | Vaults:5 | Bought a potion of haste for 160 gold pieces
 85029 | Vaults:5 | Bought a potion of haste for 160 gold pieces
 85029 | Vaults:5 | Bought a potion of invisibility for 128 gold pieces
 85029 | Vaults:5 | Bought 2 potions of heal wounds for 160 gold pieces
 85050 | Vaults:5 | Bought a scroll of teleportation for 48 gold pieces
 85071 | Vaults:5 | Bought a scroll of teleportation for 63 gold pieces
 85071 | Vaults:5 | Bought a scroll of teleportation for 63 gold pieces
 85071 | Vaults:5 | Bought a scroll of teleportation for 63 gold pieces
 85071 | Vaults:5 | Bought a scroll of enchant armour for 157 gold pieces
 85096 | Vaults:5 | Bought a scroll of enchant weapon for 82 gold pieces
 85096 | Vaults:5 | Bought 3 scrolls of brand weapon for 660 gold pieces
 85143 | Vaults:5 | Killed an ancient lich
 88277 | Elf:1    | Entered Level 1 of the Elven Halls
 88302 | Elf:1    | Found a radiant altar of Vehumet.
 88420 | Elf:1    | Found a ruined gateway.
 88426 | Desolati | Entered the Desolation of Salt
 89511 | Desolati | Escaped the Abyss
 89554 | Desolati | Identified Nyhu's Volume of Mutagenic Confrontation
 89557 | Desolati | Got a slimy pewter ring
 89558 | Desolati | Identified the ring of Buysiuq {rElec Str+6} (You found it
                  | in the Desolation of Salt)
 89648 | Desolati | Got a vibrating lead ring
 89649 | Desolati | Identified the ring "Patzaod" {*Drain rF+ Int+2 Stlth+}
                  | (You found it in the Desolation of Salt)
 90046 | Desolati | Identified the +1 pair of gloves of Midnight {Str+2 Slay-6
                  | Stlth+} (You found it in the Desolation of Salt)
 90671 | Elf:1    | Identified Sexurpho's Handbook of Sinister Rituals
 91247 | Elf:1    | Found Okonge's Assorted Antiques.
 91251 | Elf:1    | Bought a scroll of teleportation for 114 gold pieces
 91251 | Elf:1    | Bought 2 potions of haste for 760 gold pieces
 91500 | Elf:2    | Noticed Asterion
 91505 | Elf:2    | Killed Asterion
 91951 | Elf:2    | Found Nicetuips's Gadget Shoppe.
 91951 | Elf:2    | Found Boshia Koig's Gadget Shoppe.
 91952 | Elf:2    | Found Witu's Jewellery Shop.
 91975 | Elf:2    | Found a runed translucent gate.
 91975 | Elf:2    | Found a runed translucent gate.
 91976 | Elf:2    | Found a runed translucent gate.
 92562 | Elf:3    | Entered Level 3 of the Elven Halls
 94109 | Elf:3    | Cast into level 3 of the Abyss (a deep elf sorcerer)
 94450 | Elf:3    | Escaped the Abyss
 94794 | Elf:3    | Identified the Handbook of Venom and Displacement
 94801 | Elf:3    | Got an ancient giant spiked club
 95006 | Elf:3    | Got a translucent silver amulet
 95007 | Elf:3    | Identified the amulet "Wici" {Inacc Fragile rF+++ SInv}
                  | (You found it on level 3 of the Elven Halls)
 95012 | Elf:3    | Identified Zikk's Compendium of Necromancy and the
                  | Frostbite
 95510 | Zot:2    | Found a huge runed gate.
 95510 | Zot:2    | Found a huge runed gate.
 95511 | Zot:2    | Found a huge runed gate.
 95517 | Zot:2    | Found a huge runed gate.
 95518 | Zot:2    | Found a huge runed gate.
 95579 | Zot:2    | Found a huge runed gate.
 95579 | Zot:2    | Found a huge runed gate.
 95579 | Zot:2    | Found a huge runed gate.
 95579 | Zot:2    | Found a huge runed gate.
 95580 | Zot:2    | Found a huge runed gate.
 95580 | Zot:2    | Found a huge runed gate.
 95580 | Zot:2    | Found a huge runed gate.
 95580 | Zot:2    | Found a huge runed gate.
 95581 | Zot:2    | Found a huge runed gate.
 95608 | Zot:2    | Found a huge runed gate.
 95608 | Zot:2    | Found a huge runed gate.
 95608 | Zot:2    | Found a huge runed gate.
 95610 | Zot:2    | Found a huge runed gate.
 95612 | Zot:2    | Found a huge runed gate.
 95612 | Zot:2    | Found a huge runed gate.
 95612 | Zot:2    | Found a huge runed gate.
 95613 | Zot:2    | Found a huge runed gate.
 95614 | Zot:2    | Found a huge runed gate.
 95616 | Zot:2    | Found a huge runed gate.
 95959 | Zot:2    | Reached skill level 10 in Short Blades
 96377 | Zot:2    | Found a huge runed gate.
 96377 | Zot:2    | Found a huge runed gate.
 96377 | Zot:2    | Found a huge runed gate.
 96387 | Zot:2    | Found a huge runed gate.
 96387 | Zot:2    | Found a huge runed gate.
 96387 | Zot:2    | Found a huge runed gate.
 96388 | Zot:2    | Found a huge runed gate.
 96974 | Zot:3    | You fall into a shaft and drop 1 floor!
 97499 | Zot:3    | Noticed a Killer Klown
 97517 | Zot:3    | Killed a Killer Klown
 97798 | Zot:3    | Identified the +4 dragonskin cloak
 97798 | Zot:3    | Noticed Tiamat
 98132 | Zot:3    | Banished Tiamat
 99428 | Zot:4    | Identified the cursed +0 battleaxe "Transmigrator" {flame,
                  | rPois rF- Str+5 Dex+9 Stlth-}
 99644 | Zot:4    | Reached skill level 15 in Short Blades
101129 | Zot:5    | Entered Level 5 of the Realm of Zot
101366 | Zot:5    | Found a runed translucent gate.
101371 | Zot:5    | Found a runed translucent gate.
101371 | Zot:5    | Found a runed translucent gate.
102214 | Zot:5    | Noticed an ancient lich
102258 | Zot:5    | Banished an ancient lich
102651 | Zot:5    | Noticed a Killer Klown
102664 | Zot:5    | Noticed an orb of fire
102672 | Zot:5    | Banished an orb of fire
102672 | Zot:5    | Reached skill level 10 in Evocations
102682 | Zot:5    | Killed a Killer Klown
102684 | Zot:5    | Noticed an ancient lich
102689 | Zot:5    | Noticed an ancient lich
102713 | Zot:5    | Banished an ancient lich
102726 | Zot:5    | Killed an ancient lich
102726 | Zot:5    | Noticed a Killer Klown
102750 | Zot:5    | Banished a Killer Klown
102949 | Zot:5    | Noticed an ancient lich
103026 | Zot:5    | Banished an ancient lich
103081 | Zot:5    | Noticed a Killer Klown
103445 | Zot:5    | Noticed a Killer Klown
103448 | Zot:5    | Banished a Killer Klown
103666 | Zot:5    | Banished a Killer Klown
104370 | Zot:5    | Noticed an orb of fire
104376 | Zot:5    | Gained mutation: Your spells are a little harder to cast,
                  | but a little more powerful. [an orb of fire]
104798 | Zot:5    | Gained mutation: You tend to lose your temper in combat.
                  | [an orb of fire]
104799 | Zot:5    | Banished an orb of fire
105259 | Zot:5    | Got the Orb of Zot
105406 | Zot:3    | Noticed Joatook the pandemonium lord
105459 | Zot:3    | Noticed Izooher the pandemonium lord
105482 | Zot:2    | Lost mutation: You have sharp toenails. [potion of
                  | mutation]
105482 | Zot:2    | Lost mutation: Your spells are a little harder to cast, but
                  | a little more powerful. [potion of mutation]
105482 | Zot:2    | Gained mutation: Your spells are a little harder to cast,
                  | but a little more powerful. [potion of mutation]
105482 | Zot:2    | Lost mutation: Your spells are a little harder to cast, but
                  | a little more powerful. [potion of mutation]
105482 | Zot:2    | Gained mutation: You have a pair of small horns on your
                  | head. [potion of mutation]
105483 | Zot:2    | Lost mutation: You tend to lose your temper in combat.
                  | [potion of mutation]
105483 | Zot:2    | Lost mutation: You have a pair of small horns on your head.
                  | [potion of mutation]
105483 | Zot:2    | Lost mutation: You are partially covered in iridescent
                  | scales. (AC +2) [potion of mutation]
105483 | Zot:2    | Gained mutation: You are frail. (-10% HP) [potion of
                  | mutation]
105483 | Zot:2    | Gained mutation: You have a pair of small horns on your
                  | head. [potion of mutation]
105896 | D:2      | Gained mutation: You are dopey. (Int -2) [a neqoxec]
105932 | D:$      | Escaped with the Orb!

Illustrated notes

Levels and vault maps discovered:
D:1:      dpeg_arrival_water_temple_mockup, layout_basic, minmay_hedge_maze
D:2:      layout_loops_ring, tso_altar, uniq_natasha, uniq_robin,
          uniq_crazy_yiuf_cottage
D:3:      layout_rooms, lemuel_coloured_pillars_altar, uniq_jessica
D:4:      layout_loops_ring, lemuel_temple_firewalk_b, serial_shops,
          nicolae_shop_statue_plus, kennysheep_nub
D:5:      layout_basic, serial_curves, eino_curves_02, eino_curves_01,
          lemuel_blue_sif_altar, uniq_sigmund
D:6:      layout_basic, xom_butterflies, old_standard_altar,
          lemuel_crystal_altar, okawaru_gym_becter, uniq_grinder, uniq_menkaure,
          uniq_eustachio
D:7:      layout_loops_ring, nicolae_overflow_hidden_temple,
          nicolae_ossuary_entry_ruins, grunt_gozag_breadcrumbs
D:8:      layout_loops_ring, gammafunk_ghost_hydra_chop, special_room
          [special_room_kobold]
D:9:      minmay_slanted_spiral_squares, layout_loops_ring,
          grunt_temple_overflow_order_and_chaos_2,
          grunt_lair_entry_orc_guard_hut, hangedman_decor_lopped,
          eino_small_chamber_without_monster, roderic_lattice_a, uniq_pikel
D:10:     minmay_chambers_of_sixes, layout_layer_cave, serial_shops,
          nicolae_shop_stone
D:11:     layout_basic, basic_altar, gammafunk_ghost_spectres,
          nicolae_ru_sacrificial_ziggurat, uniq_sonja
D:12:     layout_basic, david_orc_3, basic_altar
D:13:     layout_loops_ring, serial_shops, shop
D:14:     layout_basic, lightli_vaults_fourway_checkpoint, uniq_louise
D:15:     grunt_enter_depths_magical_seal, layout_loops_corners,
          grunt_decor_mini_mirrors, uniq_jorgrun
Temple:   minmay_temple_curvy_branch
Lair:1:   layout_roguey, minivault_26, minmay_holes, serial_bayou_lagoon_a,
          grunt_megastairs_5, serial_bayou_shore_a
Lair:2:   layout_chaotic_city, ebering_ghost_funeral_grove
Lair:3:   layout_layer_cave, spider_nest_entry_funnel_web, serial_bayou_lake_a,
          uniq_rupert
Lair:4:   layout_loops_ring, minmay_shoals_entry_centaurs,
          gauntlet_entry_generic
Lair:5:   layout_misc_corridors, basic_altar
Lair:6:   wormcave, layout_regular_city, slime_altar_2, serial_bayou_shore_b,
          serial_bayou_shore_b
Shoals:1: layout_shoals, hangedman_shoals_cup_caves, uniq_roxanne, uniq_kirke,
          uniq_aizul
Shoals:2: layout_shoals, ebering_ghost_reflecting_pool
Shoals:3: layout_shoals, uniq_nikola, uniq_polyphemus, uniq_mara, uniq_donald
Shoals:4: shoals_end_simple, layout_shoals
Spider:1: nicolae_spider_hall_of_the_moth_king
Spider:2: layout_spider_delve
Spider:3: layout_spider_delve
Spider:4: guppyfry_spider_rune, hangedman_stitches_earthworm,
          nicolae_spider_cling_ruins
Slime:1:  cheibrodos_slime_lost_civilization_2, layout_caves,
          cheibrodos_slime_lost_civilization_5
Orc:1:    layout_diamond_mine
Orc:2:    grunt_orc_gardens, layout_diamond_mine, grunt_orc_garden,
          grunt_orc_garden, grunt_orc_garden, grunt_orc_garden, serial_shops,
          shop
Elf:1:    eino_elf_arrival_altar, layout_geoelf_grid,
          portal_desolation_entry_nicolae_slug, serial_shops, shop,
          minmay_elf_necromancy, st_stairs_10
Elf:2:    layout_onion_city, serial_sigils_hangedman_scratch, minmay_shop_grove,
          uniq_asterion
Elf:3:    elf_hall, layout_gridlike
Vaults:1: v_rooms_6, vaults_room_corners, v_misc_28, vaults_room_door_hall,
          ontoclasm_vaults_spin, v_misc_26, nicolae_vaults_angled_halls,
          ontoclasm_vaults_loading_screen, ontoclasm_vaults_claustrophobia,
          v_misc_19, ontoclasm_vaults_loading_screen, st_more_cells,
          vaults_room_semicircle, layout_vaults_ring, serial_shops,
          nicolae_shop_waterfront
Vaults:2: nicolae_vaults_windows_and_doors_thing,
          nicolae_vaults_little_squares_3, nicolae_vaults_rhombus_7,
          ontoclasm_vaults_hangar, v_misc_19, minmay_crypt_entry_necro_gods,
          v_pattern_3, v_misc_4, vaults_mumra_hex,
          nicolae_vaults_little_squares_4, layout_vaults_omnigrid,
          uniq_bai_suzhen
Vaults:3: advil_vaults_ghost_lines, v_misc_8, hangedman_vaults_trim,
          hangedman_vaults_nails, v_misc_5,
          vaults_standard_mumra_enter_the_diamond, vaults_room_fours,
          hangedman_vaults_pinch, ontoclasm_vaults_bender,
          nicolae_vaults_asterisk, ontoclasm_vaults_tryst,
          layout_vaults_maze_snakey
Vaults:4: vaults_mumra_chevron, vaults_mumra_minichess_inversion,
          grunt_vaults_focal, nicolae_vaults_little_ls, ontoclasm_vaults_idyll,
          st_cells, vaults_standard_mumra_lines,
          nicolae_vaults_little_squares_6, hangedman_vaults_snaps,
          hangedman_vaults_maws, nicolae_vaults_little_squares_6,
          layout_vaults_big_room
Vaults:5: serial_shops, uniq_margery, uniq_mennas
Crypt:1:  layout_chaotic_city, basic_altar, grunt_crypt_arrival_guarded_gate,
          uniq_khufu
Depths:1: layout_roguey, serial_shops, shop, abyss_entry, hell_entry,
          minmay_misc_feat_diagonals, grunt_ministairs_1, chequers_big_river,
          kennysheep_generic_room_14
Depths:2: hourglass_vault, layout_basic, abyss_entry_flame_altar, hell_entry,
          grunt_pan_entry_in_and_out, minmay_door_square,
          infiniplex_staircase_pool_2, serial_bayou_shore_b
Depths:3: minmay_the_grid_3x2 [minmay_the_grid_outer_circle,
          minmay_the_grid_slots, minmay_the_grid_all_tris,
          minmay_the_grid_embedded, minmay_the_grid_airy,
          minmay_the_grid_prize_four_corners_diamond_a], layout_cave_shapes,
          hell_entry, rand_demon_pan_entry_8
Depths:4: minmay_diamond_stairs, layout_cave_shapes, enter_ziggurat_c,
          serial_shops, nicolae_shop_window_shopping, pf_coc_iceberg,
          nicolae_abyss_entry_one_way_or_another, nrook_uturn
Depths:5: grunt_runaround [grunt_runaround_doors_1, grunt_runaround_doors_2,
          grunt_runaround_doors_3, grunt_runaround_doors_4,
          grunt_runaround_zot], hell_entry
Hell
Zot:1:    layout_concentric_octagons
Zot:2:    layout_gridlike, door_vault
Zot:3:    layout_onion_interference, st_stairs_10, zot_minivault_6, uniq_tiamat
Zot:4:    kennysheep_room_grid, layout_gridlike
Zot:5:    layout_basic, gammafunk_ghost_tricky_traps, grunt_ministairs_8

Skill      XL: |  1  2  3  4  5  6  7  8  9 10 11 12 13 14 15 16 17 18 19 20 21 22 23 24 25 26 27 |
---------------+----------------------------------------------------------------------------------+-----
Armour         | 1 3 4 5 6 7 8 9 10 11 12 13 14 15 17 | 17.7
Stealth        | 1 2 3 4 5 7 8 9 10 12 13 14 15 16 17 18 19 20 24 | 24.9
Short Blades   | 3 4 5 6 7 8 9 17 | 17.7
Dodging        | 3 4 5 6 7 9 10 11 12 13 14 15 16 17 18 19 20 23 | 23.7
Fighting       | 4 5 6 7 9 10 11 12 13 14 15 16 17 18 19 20 24 | 24.4
Invocations    | 3 4 5 6 7 8 9 10 11 12 13 14 15 16 | 16.0
Evocations     | 1 5 7 8 12 | 12.5
Long Blades    | 1 3 4 5 8 9 10 11 12 | 12.0
Shields        | 1 4 5 6 7 8 9 10 11 12 13 14 15 19 | 19.6

Action                   |  1- 3 |  4- 6 |  7- 9 | 10-12 | 13-15 | 16-18 | 19-21 | 22-24 | 25-27 || total
-------------------------+-------+-------+-------+-------+-------+-------+-------+-------+-------++-------
Melee: Short sword       |    44 |   240 |   454 |       |       |       |       |       |       ||   738
       Kick              |       |       |    65 |   180 |   339 |   680 |  1010 |  1065 |  1168 ||  4507
       Dagger            |       |       |    16 |   249 |   147 |   241 |       |       |       ||   653
       Scimitar          |       |       |       |   269 |   820 |   951 |       |       |       ||  2040
       Rapier            |       |       |       |       |       |   336 |  2495 |  2295 |  4177 ||  9303
       Headbutt          |       |       |       |       |       |       |       |       |     1 ||     1
Throw: Dart              |     4 |     9 |    34 |    21 |    13 |     7 |    12 |    16 |     7 ||   123
Invok: Bend Space        |       |       |     9 |       |       |     2 |       |       |     5 ||    16
       Banish            |       |       |       |     5 |     4 |     2 |     2 |     2 |    11 ||    26
       Depart the Abyss  |       |       |       |       |       |       |       |     1 |     2 ||     3
       Brand Weapon With |       |       |       |       |       |       |       |       |     1 ||     1
       Enter the Abyss   |       |       |       |       |       |       |       |       |     1 ||     1
 Abil: Evoke Berserk Rag |       |       |       |    21 |    23 |    17 |       |       |       ||    61
Evoke: Wand              |       |       |     3 |     4 |    10 |     8 |    21 |       |    16 ||    62
       Condenser vane    |       |       |       |       |       |       |     4 |     2 |     5 ||    11
       Tin of tremorston |       |       |       |       |       |       |       |     1 |     3 ||     4
       Box of beasts     |       |       |       |       |       |       |       |       |     2 ||     2
       Phantom mirror    |       |       |       |       |       |       |       |       |     2 ||     2
  Use: Potion            |     1 |       |     6 |     2 |     7 |    12 |       |    11 |    26 ||    65
       Scroll            |       |       |    14 |    11 |     7 |     9 |    10 |    16 |    34 ||   101
 Stab: Sleeping          |    10 |    18 |    35 |    24 |    47 |    46 |    67 |    59 |    71 ||   377
       Distracted        |       |       |     1 |     1 |     8 |     8 |    10 |    10 |    16 ||    54
       Held in net/web   |       |       |       |       |       |    13 |       |       |       ||    13
       Invisible         |       |       |       |       |       |     7 |       |       |       ||     7
       Confused          |       |       |       |       |       |       |     3 |       |       ||     3
Armor: Leather armour    |     8 |    36 |       |       |       |       |       |       |       ||    44
       Ring mail         |       |    14 |    96 |   125 |   215 |       |       |       |       ||   450
       Quicksilver drago |       |       |       |       |    60 |   564 |   360 |   175 |       ||  1159
       Acid dragon scale |       |       |       |       |     4 |       |       |       |       ||     4
       Fire dragon scale |       |       |       |       |       |       |    17 |       |       ||    17
       Shadow dragon sca |       |       |       |       |       |       |       |   384 |   158 ||   542
       Gold dragon scale |       |       |       |       |       |       |       |       |  1236 ||  1236
Dodge: Dodged            |    25 |   176 |   284 |   349 |   708 |  1392 |  1168 |  1122 |  1466 ||  6690
Block: Kite shield       |       |       |       |       |   396 |   932 |   938 |  1055 |  2334 ||  5655
       Rpst.: Scimitar   |       |       |       |    61 |   161 |   176 |       |       |       ||   398

Table legend: (Time is in decaauts)
 A = Elapsed time spent in this place.
 B = Non-inter-level travel time spent in this place.
 C = Inter-level travel time spent in this place.
 D = Time resting spent in this place.
 E = Time spent auto-exploring this place.
 F = Levels seen in this place.
 G = Mean time per level.
                   A        B        C        D        E       F      G
               +--------+--------+--------+--------+--------+-----+--------+
         Total | 102324 |  97173 |   5151 |  32160 |  44466 |  59 | 1734.3 |
       Dungeon |  25400 |  23653 |   1747 |   6600 |  12869 |  15 | 1693.3 |
        Temple |    280 |    274 |      6 |      0 |    273 |   1 |  280.0 |
          Lair |  11807 |  11244 |    563 |   3955 |   5679 |   6 | 1967.8 |
        Shoals |   6429 |   6277 |    152 |   2123 |   2130 |   4 | 1607.2 |
   Spider Nest |   7346 |   7100 |    246 |   2737 |   2807 |   4 | 1836.5 |
    Slime Pits |     37 |     37 |      0 |      0 |      0 |   1 |   37.0 |
  Orcish Mines |   1330 |   1214 |    116 |      0 |    863 |   2 |  665.0 |
   Elven Halls |   4330 |   4166 |    164 |    805 |   2443 |   3 | 1443.3 |
        Vaults |  14363 |  13505 |    858 |   4628 |   5508 |   5 | 2872.6 |
         Crypt |     51 |     51 |      0 |      0 |     14 |   1 |   51.0 |
        Depths |  14041 |  13064 |    977 |   4276 |   6507 |   5 | 2808.2 |
          Hell |   1403 |   1403 |      0 |    484 |    239 |   1 | 1403.0 |
           Zot |  12098 |  11781 |    317 |   5390 |   4393 |   5 | 2419.6 |
         Abyss |   1608 |   1608 |      0 |    704 |    201 |   4 |  402.0 |
       Ossuary |    812 |    812 |      0 |    411 |     22 |   1 |  812.0 |
    Desolation |    983 |    983 |      0 |     44 |    516 |   1 |  983.0 |
               +--------+--------+--------+--------+--------+-----+--------+

Top non-repeatable levels by time:
  Lair:6: 4051 daAuts
Depths:4: 3863 daAuts
Vaults:5: 3692 daAuts
Vaults:4: 3633 daAuts
Depths:2: 3409 daAuts
Depths:5: 3285 daAuts
   Zot:5: 3032 daAuts
Vaults:1: 2952 daAuts
   Zot:4: 2773 daAuts
    D:15: 2651 daAuts
Spider:4: 2619 daAuts
   Zot:1: 2503 daAuts
    D:10: 2464 daAuts
     D:5: 2304 daAuts
Vaults:2: 2240 daAuts
